 Dungeon Crawl Stone Soup version 0.29.0-5-ge4962eb29e (webtiles) character file.

Game seed: 2219653870519439400

133 sanka the Insei (level 5, -4/40 HPs)
             Began as a Meteoran Hedge Wizard on Aug 29, 2022.
             Slain by Pikel
             ... wielding a +0 whip of electrocution
              (12 damage)
             ... on level 4 of the Dungeon.
             The game lasted 00:08:24 (1589 turns).

sanka the Insei (Meteoran Hedge Wizard)             Turns: 1589, Time: 00:08:24

Health: -4/40      AC:  4    Str: 14    XL:     5   Next: 67%
Magic:  9/12       EV: 12    Int: 18    God:
Gold:   101        SH:  0    Dex: 13    Spells: 6/12 levels left

rFire   . . .      SeeInvis .   p - +7 short sword of Fedhas's Regard {speed, Str+3}
rCold   . . .      Faith    .   (no shield)
rNeg    . . .      Spirit   .   b - +0 robe
rPois   .          Reflect  .   s - +0 helmet
rElec   .          Harm     .   (no cloak)
rCorr   .          Rampage  .   l - +0 pair of gloves
Will    .....                   (no boots)
Stlth   +.........              k - amulet of regeneration
HPRegen 0.93/turn               (no ring)
MPRegen 0.13/turn               (no ring)

@: glowing
A: sense surroundings 1, otherworldly, glowing, explore regen
a: no special abilities


You were on level 4 of the Dungeon.
You visited 1 branch of the dungeon, and saw 4 of its levels.

You collected 101 gold pieces.


Innate Abilities, Weirdness & Mutations

You passively map a small area around you.
You are easily found by Zot.
You glow in the dark.
You regain HP and MP as you explore.


   Skills:
 + Level 1.1 Fighting
 + Level 2.8 Dodging
 - Level 1.4 Stealth
 + Level 5.1 Unarmed Combat
 - Level 4.0 Spellcasting
 - Level 1.2 Conjurations
 - Level 1.2 Summonings
 - Level 1.2 Translocations


You had 6 spell levels left.
You knew the following spells:

 Your Spells              Type           Power      Damage    Failure   Level
b - Blink                 Tloc           16%        N/A       14%         2
c - Slow                  Hex            12%        N/A       14%         1
x - Call Imp              Summ           8%         N/A       14%         2
z - Magic Dart            Conj           32%        1d4       9%          1

Your spell library contained the following spells:

 Spells                   Type           Power      Damage    Failure   Level
 Conjure Flame            Conj/Fire      5%         6-21      34%         3
 Mephitic Cloud           Conj/Pois/Air  5%         N/A       36%         3

Inventory:

Hand Weapons
 a - a +0 dagger
 p - the +7 short sword of Fedhas's Regard (weapon) {speed, Str+3} Attacks with this weapon are significantly faster. Str: It affects your strength (+3).
Missiles
 m - 5 javelins
Armour
 b - a +0 robe (worn)
 c - a +0 hat
 l - a +0 pair of gloves (worn)
 q - a +2 kite shield
 s - a +0 helmet (worn)
Jewellery
 k - an amulet of regeneration (around neck)
Scrolls
 e - a scroll of brand weapon {unknown}
 f - 2 scrolls of poison {unknown}
 h - 2 scrolls of magic mapping {unknown}
 i - 2 scrolls of butterflies {unknown}
 n - a scroll of teleportation {unknown}
 o - a scroll of identify {unknown}
 u - a scroll of amnesia {unknown}
Potions
 d - a potion of magic
 g - 3 potions of curing {unknown}
 j - a potion of heal wounds {unknown}
 r - a potion of might {unknown}
 t - a potion of mutation {unknown}

Dungeon Overview and Level Annotations

Branches:
Dungeon (4/15) Zot: 817
 Temple: D:4-7

Altars:
Xom
Zin

Portals:
Ossuary: D:4

Annotations:
D:4 Pikel

▒▒▒▒▒▒▒▒▒▒
▒▒▒5...5...▒▒
▒▒▒▒▒..5..5.....▒
▒..▒▒5▒▒▒.▒▒▒.▒.▒▒▒
▒.....▒ ▒.▒ ▒.....▒
▒.....▒,▒.▒ ▒......
▒▒K...▒ ... ▒......
▒p...▒ .∩. ▒......
▒▒.▒..▒▒▒▒▒▒▒...5..
▒..▒.h..........5..
▒▒...<....▒▒▒▒.....
▒▒.▒†h....▒▒▒▒▒.#.
▒▒...........▒...
▒▒▒..........h..
▒▒....._.......
▒▒▒▒...........[..


You could see Pikel (ally target), a black bear (berserk), a lemure and a
friendly iron imp (summoned).


Message History

Something claws your white imp. Something claws your white imp.
Your white imp dies!
A lemure comes into view.
The lemure shouts!
Pikel hits you with a +0 whip of electrocution.
Found a sand-covered staircase.
You hear an angry growl.
A metallic apparition takes form in the air.
Pikel closely misses you. Pikel attacks as you move away!
Pikel hits you with a +0 whip of electrocution!
You hear an angry growl.
Pikel attacks as you move away!
Pikel hits you with a +0 whip of electrocution.
You hear an angry growl.
Pikel attacks as you move away! Pikel barely misses you.
You hear an angry growl.
The black bear growls angrily.
Pikel attacks as you move away!
Pikel hits you with a +0 whip of electrocution.
You are electrocuted!!
Ouch! That really hurt!
* * * LOW HITPOINT WARNING * * *
You hear an angry growl.
Something hits your iron imp. Pikel attacks as you move away!
Pikel hits you with a +0 whip of electrocution!
You die...

Action                   |  1- 3 |  4- 6 || total
-------------------------+-------+-------++-------
Melee: Dagger            |    20 |     9 ||    29
       Short sword       |       |    25 ||    25
       Punch             |       |     1 ||     1
 Cast: Magic Dart        |    66 |    55 ||   121
       Call Imp          |     2 |     8 ||    10
 Stab: Sleeping          |     1 |       ||     1
       Distracted        |       |     1 ||     1
Armor: Robe              |    16 |    17 ||    33
Dodge: Dodged            |    35 |    55 ||    90

Levels and vault maps discovered:
D:1:      elethiomel_arrival_quiet, layout_basic
D:2:      layout_loops_corners, basic_altar, serial_shops, shop,
          chequers_serial_rivers_micro_a
D:3:      layout_loops_ring, gammafunk_temple_overflow_pools
D:4:      cheibrodos_barr_body, layout_cave_pools,
          nicolae_dithmenos_shadow_blocks, nicolae_xom_altar_mimics,
          minmay_temple_entry_stoned_glass, enter_ossuary_4,
          kennysheep_generic_room_3, uniq_pikel, uniq_eustachio

Notes
Turn   | Place    | Note
-------+----------+-------------------------------------------
     0 | D:1      | sanka the Meteoran Hedge Wizard began the quest for the
                  | Orb.
     0 | D:1      | Reached XP level 1. HP: 14/14 MP: 6/6
    40 | D:1      | Reached skill level 1 in Unarmed Combat
    83 | D:1      | Reached XP level 2. HP: 11/20 MP: 0/8
   244 | D:1      | Reached skill level 2 in Unarmed Combat
   364 | D:1      | Learned a level 2 spell: Blink
   367 | D:1      | Learned a level 2 spell: Call Imp
   383 | D:1      | Learned a level 1 spell: Slow
   436 | D:1      | Reached XP level 3. HP: 16/26 MP: 2/9
   473 | D:1      | Reached skill level 3 in Unarmed Combat
   500 | D:1      | Glimpsed the power of Zot.
   550 | D:1      | Glimpsed the power of Zot.
   702 | D:2      | Found a glowing silver altar of Zin.
   940 | D:2      | Reached XP level 4. HP: 32/33 MP: 0/11
  1121 | D:3      | Reached skill level 4 in Unarmed Combat
  1213 | D:3      | Reached XP level 5. HP: 34/38 MP: 6/12
  1367 | D:3      | Reached skill level 5 in Unarmed Combat
  1368 | D:3      | Identified the +7 short sword of Fedhas's Regard {speed,
                  | Str+3}
  1399 | D:4      | Found a shimmering altar of Xom.
  1399 | D:4      | Found a shimmering altar of Xom.
  1414 | D:4      | Found a shimmering altar of Xom.
  1414 | D:4      | Found a shimmering altar of Xom.
  1414 | D:4      | Found a shimmering altar of Xom.
  1461 | D:4      | Reached skill level 1 in Fighting
  1469 | D:4      | Found a shimmering altar of Xom.
  1469 | D:4      | Found a shimmering altar of Xom.
  1518 | D:4      | Noticed a lemure
  1535 | D:4      | Killed a lemure
  1539 | D:4      | Noticed Pikel
  1541 | D:4      | Noticed a black bear
  1548 | D:4      | Noticed a lemure
  1575 | D:4      | Noticed a lemure
  1578 | D:4      | Found a sand-covered staircase.
  1589 | D:4      | Slain by Pikel

Vanquished Creatures
  4 adders
  A worm (D:3)
  2 orcs (D:3)
  7 ball pythons
  3 endoplasms
  A giant cockroach (D:1)
  4 goblins
  6 hobgoblins
  7 jackals
  A quokka (D:3)
  7 bats
  3 frilled lizards
  5 kobolds
  3 rats
54 creatures vanquished.

Vanquished Creatures (collateral kills)
  A lemure (D:4)
  An orc priest (D:3)
  A giant cockroach (D:1)
3 creatures vanquished.

Grand Total: 57 creatures vanquished
